Map: Lerilak Crest

Players

onlywan

  • Race: Protoss Protoss
  • League: Gold

capac - Winner!

  • Race: Terran Terran
  • League: Gold

VOD

Have the link to the VOD?

Description

Time

  • Played on: March 3, 2016, 1:41 p.m.
  • Length: 17:14
Show
View Real Time Build Order
Export as new Build Order

onlywan Protoss 

Build Orders: 1 Gate Expand 

Get SALT Encoding   

  12  0:01  Probe (Chrono Boost)  
  13  0:13  Pylon  
  13  0:17  Probe (Chrono Boost)  
  15  0:33  Gateway  
  15  0:34  Probe (Chrono Boost)  
  15  0:45  Probe (Chrono Boost), Assimilator  
  16  0:56  Probe (Chrono Boost)  
  17  1:08  Probe (Chrono Boost)  
  18  1:27  Nexus  
  18  1:35  Cybernetics Core, Probe (Chrono Boost)  
  19  1:46  Probe (Chrono Boost)  
  19  1:47  Assimilator  
  20  1:56  Probe (Chrono Boost)  
  20  1:58  Pylon  
  21  2:07  Probe (Chrono Boost)  
  22  2:12  Warp Gate  
  22  2:16  Adept  
  24  2:29  Pylon  
  24  2:38  Mothership Core (Chrono Boost)  
  24  2:40  Probe (Chrono Boost)  
  27  2:51  Probe (Chrono Boost)  
  30  2:52  Adept  
  30  3:05  Probe x2 (Chrono Boost)  
  32  3:12  Robotics Facility  
  32  3:16  Probe x2 (Chrono Boost)  
  34  3:21  Adept  
  36  3:29  Probe x2 (Chrono Boost)  
  36  3:31  Twilight Council  
  38  3:39  Gateway  
  38  3:41  Probe x2 (Chrono Boost)  
  40  3:48  Pylon  
  40  3:54  Pylon  
  40  3:55  Probe x2 (Chrono Boost)  
  42  3:59  Sentry  
  44  4:07  Observer  
  45  4:14  Probe  
  45  4:16  Probe  
  47  4:18  Assimilator  
  47  4:23  Assimilator  
  47  4:28  Gateway  
  47  4:29  Pylon  
  47  4:32  Gateway  
  47  4:36  Probe  
  47  4:37  Probe  
  49  4:47  Probe  
  49  4:49  Probe  
  51  5:03  Stalker x2  
  55  5:09  Nexus  
  55  5:12  Immortal  
  59  5:34  Probe  
  60  5:35  Probe  
  60  5:39  Forge  
  60  5:41  Stalker  
  60  5:42  Stalker, Gateway  
  65  5:43  Sentry  
  65  5:44  Sentry  
  69  5:55  Immortal  
  72  6:07  Probe  
  72  6:08  Probe  
  74  6:12  Protoss Ground Weapons Level 1  
  74  6:17  Forge  
  74  6:19  Probe  
  74  6:20  Probe  
  76  6:28  Probe  
  74  7:10  Nexus  
  74  7:25  Pylon  
  74  7:26  Pylon  
  74  7:28  Pylon  
  74  7:29  Blink (Chrono Boost)  
  74  7:34  Pylon  
  74  7:37  Pylon  
  74  7:50  Probe x2, Immortal  
  80  8:00  Photon Cannon  
  80  8:02  Photon Cannon  
  80  8:04  Photon Cannon  
  80  8:05  Protoss Ground Armor Level 1 (Chrono Boost)  
  80  8:06  Photon Cannon  
  80  8:09  Protoss Ground Weapons Level 2 (Chrono Boost)  
  80  8:14  Probe x2  
  82  8:28  Probe  
  82  8:32  Probe x2  
  85  8:40  Templar Archives, Probe  
  85  8:42  Probe  
  85  8:43  Probe  
  85  8:46  Stalker  
  85  8:47  Stalker x2  
  94  8:51  Observer  
  95  9:04  Gateway  
  95  9:10  Probe  
  95  9:11  Probe, Gateway  
  95  9:12  Probe  
  98  9:17  Assimilator  
  98  9:21  Assimilator  
  98  9:23  Gateway  
  98  9:24  Gateway  
  98  9:26  Psionic Storm, Stalker x3  
  98  9:29  Sentry x2, Gateway  
  108  9:45  Observer  
  109  9:50  Probe  
  109  9:52  Probe x2  
  112  10:03  Protoss Ground Weapons Level 3  
  112  10:07  Probe  
  112  10:08  Probe  
  112  10:09  Probe  
  115  10:22  Protoss Ground Armor Level 2  
  115  10:28  Zealot x3  
  117  10:29  Zealot x2  
  125  10:35  Pylon  
  125  10:36  Pylon  
  125  10:38  Charge (Chrono Boost), Pylon  
  125  10:40  Pylon  
  125  10:44  Gateway  
  125  11:11  Nexus  
  125  11:13  Pylon  
  125  11:15  Pylon  
  125  11:18  Pylon  
  125  11:21  High Templar  
  125  11:22  High Templar x3  
  125  11:23  Zealot  
  125  11:24  Zealot x4  
  143  11:38  High Templar  
  145  11:51  Probe x2  
  145  11:52  Probe  
  148  12:04  Zealot x2  
  148  12:05  Zealot x5  
  148  12:06  Zealot x2  
  166  12:10  Pylon  
  166  12:12  Pylon  
  166  12:13  Pylon  
  166  12:15  Pylon  
  166  12:17  Pylon  
  166  12:19  Pylon  
  166  12:20  Gateway  
  166  12:21  High Templar  
  168  12:24  Gateway  
  168  12:26  High Templar  
  168  12:27  High Templar  
  168  12:28  High Templar x2  
  168  12:29  High Templar  
  178  12:31  Zealot x3  
  178  12:32  Zealot  
  186  12:40  Archon  
  186  12:41  Archon  
  186  12:45  Archon  
  186  12:58  Protoss Ground Armor Level 3 (Chrono Boost)  
  186  12:59  Protoss Shields Level 1 (Chrono Boost)  
  186  13:06  Zealot x3  
  186  13:07  Zealot x4  
  193  13:47  Immortal  
  151  14:29  High Templar x4  
  151  14:30  High Templar x4  
  127  14:53  Zealot x3  
  127  14:59  Protoss Shields Level 2 (Chrono Boost)  
  123  15:02  Archon x3  
  123  15:03  Archon  
  101  15:11  Zealot x6  
  101  15:12  Zealot x2  
  114  15:25  Stalker  
  106  15:35  Stalker x4  
  88  15:36  Stalker x3  
  88  15:37  Stalker x3  
  86  16:06  Stalker x4  
  86  16:07  Stalker x3  
  86  16:08  Stalker x2  
  104  16:15  Immortal  
  97  16:35  Stalker x4  
  97  16:36  Stalker x2  
  71  17:00  Stalker x5  
  75  17:08  Nexus  
Show
View Real Time Build Order
Export as new Build Order

capac Terran - Winner!

Build Orders:  

Get SALT Encoding   

  12  0:00  SCV  
  13  0:13  SCV  
  14  0:18  Supply Depot  
  14  0:25  SCV  
  15  0:39  SCV  
  15  0:41  Barracks  
  16  0:46  Refinery  
  16  0:51  SCV  
  17  1:03  SCV  
  18  1:16  SCV  
  19  1:28  SCV  
  19  1:31  Barracks Reactor  
  20  1:34  Command Center  
  20  1:40  SCV  
  20  1:46  Supply Depot  
  21  1:52  SCV  
  22  2:06  Orbital Command  
  22  2:08  Marine x2  
  24  2:17  Barracks  
  24  2:28  Marine x2  
  26  2:36  SCV  
  27  2:37  Bunker  
  27  2:46  Factory  
  27  2:50  Marine x2  
  29  3:03  SCV  
  29  3:04  Orbital Command  
  29  3:10  Barracks Tech Lab  
  29  3:16  Refinery, SCV  
  29  3:18  Marine x2  
  32  3:27  Refinery  
  32  3:31  Starport, Factory Reactor  
  32  3:33  Marine  
  33  3:40  SCV x2  
  35  3:44  Marine x2  
  37  3:52  Marine  
  38  3:58  SCV  
  38  3:59  SCV  
  38  4:01  Marine  
  38  4:02  Marine  
  42  4:09  Supply Depot  
  42  4:15  Marine  
  42  4:16  Stimpack  
  43  4:17  Medivac  
  45  4:26  SCV  
  45  4:30  Medivac  
  45  4:31  SCV  
  49  4:32  Supply Depot  
  49  4:38  Factory Tech Lab  
  49  4:39  Marine x3  
  49  4:45  Engineering Bay  
  52  4:50  SCV x2  
  52  4:51  Barracks  
  54  4:54  Liberator  
  54  4:58  Siege Tank  
  57  5:04  SCV x2  
  57  5:05  Supply Depot  
  62  5:27  Marine x3, SCV x2  
  67  5:29  Supply Depot  
  67  5:33  Siege Tank  
  70  5:37  Supply Depot  
  70  5:43  Liberator  
  70  5:50  Missile Turret  
  70  5:53  Marine x3  
  70  5:56  Barracks Reactor  
  73  5:59  Barracks  
  73  6:01  SCV  
  73  6:02  SCV  
  78  6:07  Refinery  
  78  6:11  Siege Tank  
  78  6:14  Marine  
  77  6:59  Siege Tank, Barracks Reactor  
  77  7:00  Medivac x2  
  74  7:02  Marine x4  
  74  7:03  Marine  
  79  7:09  SCV, Command Center  
  79  7:10  SCV  
  81  7:28  Missile Turret  
  81  7:32  Missile Turret  
  81  7:35  Starport  
  81  7:36  Medivac  
  81  7:37  Medivac  
  85  7:42  Marine  
  86  7:48  Terran Infantry Weapons Level 1, Supply Depot  
  86  8:01  Marine x7  
  86  8:05  Missile Turret  
  93  8:13  Starport Reactor  
  93  8:19  Marine x3  
  96  8:23  Missile Turret  
  96  8:24  Supply Depot  
  96  8:34  Marine x2  
  96  8:35  Marine x2  
  96  8:37  Marine  
  96  8:40  Medivac x2  
  105  8:42  Siege Tank  
  108  8:52  Missile Turret  
  108  8:53  Orbital Command  
  108  8:54  Marine  
  109  8:55  Marine  
  110  9:05  Marine x4  
  114  9:16  Missile Turret  
  114  9:17  Marine x2  
  114  9:18  Marine  
  117  9:34  SCV x2  
  117  9:38  Refinery, Marine x5  
  120  9:39  Marine  
  120  9:43  Missile Turret  
  125  9:50  Supply Depot  
  125  9:51  Supply Depot  
  125  9:54  Liberator  
  125  9:57  Barracks  
  125  10:00  Liberator  
  125  10:01  Liberator x2  
  125  10:11  Marine x2  
  125  10:12  Siege Tank  
  125  10:13  Marine x5  
  147  10:21  Supply Depot  
  147  10:26  Supply Depot  
  147  10:29  Marine  
  148  10:37  SCV  
  149  10:43  SCV  
  149  10:46  Supply Depot  
  149  10:49  Supply Depot  
  150  10:54  Barracks Reactor  
  150  11:00  Starport  
  150  11:01  Marine x5  
  155  11:04  Liberator, SCV x3  
  155  11:05  Refinery  
  155  11:06  Liberator  
  158  11:15  Supply Depot  
  158  11:17  Supply Depot  
  158  11:18  Marine x2  
  159  11:20  Siege Tank  
  169  11:33  Terran Infantry Armor Level 1  
  169  11:37  Armory  
  169  11:40  Liberator  
  169  11:41  Supply Depot  
  169  11:42  Liberator  
  169  11:48  Supply Depot  
  169  11:54  SCV x3  
  169  12:00  Marine x4  
  182  12:03  Marine x3  
  182  12:04  Marine x2  
  182  12:06  Siege Tank  
  182  12:08  Starport Reactor  
  190  12:15  Barracks  
  190  12:30  Liberator x3  
  190  12:41  Terran Ship Weapons Level 1  
  190  12:43  Armory  
  199  12:54  Command Center  
  196  14:06  Liberator x2  
  180  14:22  Marine x3, Liberator  
  180  14:23  Liberator x2  
  164  14:38  Marine x4  
  177  14:49  Marine x2  
  177  14:50  Siege Tank  
  178  15:03  Liberator x3  
  178  15:05  Liberator  
  176  15:18  Marine  
  176  15:19  Marine x3  
  188  16:25  Marine x6  
Tags
 
Add a new tag
Caveats
  • Supply blocks, unpowered buildings, or Contaminate may cause inaccurate times.
  • Supply counts are checked every 10 seconds.